AoeStats
← Minister of Silly Walks

Black Forest

510271085Analyzed
4v4 RM · 18h ago on Sep 30, 2026· 16m 48s· 8 players
Game mode
Random Map
Map size
Large (8 player)
Population
200
Speed
Normal
Resources
Standard
Victory
Conquest
Starting age
Dark Age
Ending age
Imperial Age
RankedLock teamsTeams togetherTeam positionsShared explorationLock speedFull tech treeHidden civsTurbo modeCheats
Victory
Defeat
🇷🇴 Mongols · Romania
1262
+13
🇩🇪 Franks · Germany
1205
+15
🇫🇷 Saxons · France
1195
+15
🇨🇳 Spanish · China
1188
+16
🇨🇳 Franks · China
1267
-18
🇨🇳 Portuguese · China
1186
-15
🇨🇳 Bohemians · China
1146
-13
🇨🇳 Danes · China
1137
-13
Minister of Silly Walks
0:44 Loom
14:13 Feudal Age
17:50 Castle Age
16:44 Man-at-Arms
ansaro
7:04 Loom
10:55 Feudal Age
11:23 Fishing Lines
15:25 Wheelbarrow
我很牛逼
14:05 Feudal Age
15:34 Loom
𝖋𝖔𝖈𝖆
3:19 Loom
13:34 Feudal Age
19:10 Castle Age
CNZS_carlar
1:34 Loom
relax
0:27 Loom
ZHurald ZHurdrada
12:40 Feudal Age
老头
9:26 Loom
13:06 Feudal Age
16:41 Castle Age
14:32 Double-Bit Axe
Connection lost

Rejoining the realm…

Still unreachable

The connection could not be restored.

Session expired

The server has moved on; the page needs a fresh start.